cohdb
Replays
Latest Replays
All Replays
Popular Replays
Top Player Replays
Match Explorer
How It Works
Community
CoH3 Stats
Reddit
Sign in to upload your games and track your stats! →
Sign in with Steam
Match 41482513
Unlisted
Match 41482513
Overview
Messages
Build Orders
End
Construct Barracks
Selects Armored Battlegroup
Selects Veteran Crews
Riflemen Squad
1⁄4-ton 4x4 Truck
M1 Mortar Team
Riflemen Squad
Infantry Support Center
M1918 Browning Automatic Rifles
Construct Medical Station
Selects Strength in Steel
Construct Motor Pool
1⁄4-ton 4x4 Truck
M1 Anti-tank Gun Team
M8 Greyhound Armored Car
Riflemen Squad
Engineer Squad
Selects M8 Scott SPG
M8 Scott SPG
M1 Anti-tank Gun Team
Selects M31 Recovery Vehicle
M31 Recovery Vehicle
Selects UNKNOWN (2160077)
Construct Tank Depot
Selects War Machine
NEP_PLUTIA_NEP
wolfbane
Mr. Purple
dad81ace
ME.COM
Valdai
radiation
Ygt
0
0
Comments
sign in to comment!
No comments posted yet!